Map: Dusk Towers

Players

blackxored

  • Race: Zerg Zerg
  • League: Diamond

Rabbit - Winner!

  • Race: Zerg Zerg
  • League: Platinum

VOD

Have the link to the VOD?

Description

Time

  • Played on: July 2, 2016, 12:43 a.m.
  • Length: 13:14
Show
View Real Time Build Order
Export as new Build Order

blackxored Zerg 

Build Orders: Pool First 

Get SALT Encoding   

  12  0:01  Drone  
  13  0:09  Drone  
  14  0:16  Extractor, Drone  
  14  0:33  Spawning Pool  
  13  0:37  Drone  
  14  0:45  Extractor, Drone  
  15  0:54  Overlord  
  15  1:13  Drone  
  15  1:14  Drone x2  
  18  1:20  Queen  
  20  1:28  Overlord  
  20  1:38  Metabolic Boost  
  20  1:41  Drone  
  21  1:47  Baneling Nest  
  20  1:55  Zergling x2  
  21  2:04  Zergling x2  
  22  2:11  Zergling x2  
  23  2:20  Drone  
  24  2:27  Hatchery  
  23  2:34  Zergling x4  
  23  2:35  Zergling x2  
  26  2:42  Zergling x2  
  27  2:53  Evolution Chamber  
  27  2:54  Drone  
  27  3:02  Baneling  
  27  3:03  Baneling  
  27  3:06  Drone  
  28  3:18  Zerg Melee Weapons Level 1  
  28  3:20  Drone x2  
  28  3:21  Overlord  
  30  3:40  Drone x6  
  36  3:42  Queen  
  38  3:50  Drone  
  37  3:59  Baneling  
  36  4:30  Drone x7  
  43  4:41  Overlord x2  
  43  4:55  Hatchery  
  43  4:58  Zergling x2  
  43  4:59  Zergling x2  
  44  5:00  Zergling x8  
  48  5:07  Zergling x6  
  51  5:15  Zerg Ground Armor Level 1  
  51  5:17  Zergling x2  
  51  5:18  Zergling x2  
  53  5:26  Zergling x4  
  55  5:32  Zergling x6  
  55  5:33  Zergling x2  
  59  5:42  Zergling x2  
  60  5:44  Overlord  
  60  5:46  Lair  
  60  6:01  Overlord  
  60  6:02  Overlord x2  
  55  6:46  Zergling x30  
  55  6:47  Zergling x2  
  64  7:09  Extractor, Drone x3  
  64  7:11  Drone  
  64  7:13  Drone x3  
  70  7:16  Extractor  
  70  7:17  Extractor, Baneling x8  
  68  7:23  Drone x2  
  68  7:26  Queen  
  60  7:48  Zergling x24  
  69  8:06  Zergling x14  
  69  8:07  Baneling  
  69  8:08  Baneling x3  
  69  8:11  Drone  
  69  8:12  Drone  
  78  8:13  Drone x2  
  78  8:14  Drone  
  78  8:37  Zergling x14  
  81  8:44  Spire, Drone x6  
  81  8:47  Baneling x7  
  86  8:54  Zergling x12  
  81  9:12  Zergling x10  
  81  9:13  Zergling x2  
  77  9:36  Spore Crawler  
  68  9:41  Drone  
  64  9:49  Spore Crawler x2  
  59  9:58  Mutalisk x3  
  64  10:01  Overlord x2  
  64  10:06  Extractor  
  59  10:08  Extractor  
  59  10:10  Drone x2  
  60  10:19  Queen x2  
  66  10:22  Overlord x3  
  66  10:26  Zerg Flyer Armor Level 1  
  66  10:41  Zergling x12  
  66  10:42  Zergling x24, Spore Crawler  
  53  11:13  Overlord x3  
  53  11:22  Spore Crawler  
  53  11:23  Spore Crawler x2  
  53  11:25  Spore Crawler  
  49  11:29  Mutalisk  
  51  11:37  Mutalisk x2  
  51  11:38  Mutalisk x5  
  62  11:45  Mutalisk  
  62  11:46  Mutalisk x3  
  67  11:50  Mutalisk  
  54  11:55  Mutalisk  
  54  11:57  Queen  
  50  12:30  Overlord x2  
  50  12:31  Overlord  
  50  12:37  Hatchery  
  50  12:43  Hatchery  
  48  12:47  Overlord  
  48  12:48  Overlord x2  
Show
View Real Time Build Order
Export as new Build Order

Rabbit Zerg - Winner!

Build Orders: Pool First 

Get SALT Encoding   

  12  0:01  Drone  
  13  0:13  Overlord  
  13  0:19  Drone  
  14  0:32  Drone x2  
  14  0:35  Drone  
  17  0:41  Extractor  
  16  0:50  Spawning Pool  
  16  0:51  Drone  
  16  0:57  Drone  
  17  1:21  Hatchery  
  16  1:27  Drone  
  17  1:37  Zergling x2  
  18  1:41  Queen  
  18  1:43  Drone  
  21  1:51  Metabolic Boost  
  21  2:00  Drone  
  22  2:01  Overlord  
  22  2:20  Queen  
  22  2:21  Drone x2  
  26  2:28  Drone  
  27  2:35  Baneling Nest  
  25  3:00  Overlord  
  25  3:01  Overlord  
  25  3:12  Queen  
  25  3:17  Zergling x14  
  34  3:26  Drone x4  
  38  3:37  Baneling  
  38  3:42  Drone x4  
  42  3:58  Drone x3  
  45  4:03  Extractor  
  45  4:04  Extractor, Drone x3  
  45  4:05  Extractor  
  40  4:29  Drone x8  
  48  4:39  Baneling x2  
  48  4:41  Drone  
  48  4:44  Lair  
  49  5:02  Drone  
  49  5:05  Drone x2  
  52  5:13  Spine Crawler  
  51  5:17  Spine Crawler  
  51  5:20  Zergling x4  
  52  5:22  Overlord x3  
  52  5:26  Hatchery  
  51  5:34  Overlord x2  
  50  5:45  Spire  
  50  5:46  Baneling x2  
  49  5:54  Drone  
  49  5:55  Drone x5  
  55  5:59  Zergling x6  
  58  6:07  Baneling  
  58  6:08  Baneling x3  
  55  6:44  Zergling x14  
  62  6:51  Spine Crawler  
  62  6:52  Spine Crawler  
  58  7:06  Spore Crawler, Drone x2  
  58  7:07  Drone x4  
  63  7:15  Drone x2  
  65  7:17  Queen  
  65  7:19  Queen  
  65  7:20  Zerg Flyer Weapons Level 1  
  69  7:26  Baneling  
  69  7:27  Baneling  
  69  7:33  Spine Crawler  
  69  7:35  Spine Crawler  
  63  7:41  Baneling x3  
  56  7:45  Zergling x16  
  62  7:51  Mutalisk  
  62  7:58  Zergling x12  
  65  7:59  Queen  
  72  8:07  Baneling x3  
  72  8:14  Mutalisk x3  
  78  8:20  Baneling  
  73  8:42  Spine Crawler  
  73  8:45  Mutalisk x3, Spine Crawler  
  73  8:46  Mutalisk x10  
  96  8:59  Drone  
  89  9:34  Mutalisk x5  
  96  9:38  Extractor  
  96  9:39  Queen  
  96  9:41  Extractor  
  94  9:49  Zergling x6  
  94  9:51  Overlord x3  
  95  10:01  Queen  
  97  10:13  Zerg Flyer Weapons Level 2  
  97  10:14  Mutalisk x7  
  111  10:32  Hatchery  
  110  10:42  Mutalisk x2  
  108  10:43  Mutalisk x2  
  116  10:55  Zergling x14  
  119  11:09  Zergling x2  
  119  11:10  Zergling x8  
  122  11:16  Baneling x3  
  121  11:43  Queen  
  121  11:48  Mutalisk x3  
  121  11:50  Overlord x2  
  121  11:51  Overlord x3  
  127  12:18  Mutalisk  
  127  12:19  Mutalisk x10  
  127  12:22  Queen  
  147  12:34  Mutalisk x3  
  151  12:49  Mutalisk x3  
  157  12:55  Extractor  
  157  12:57  Extractor  
Tags
 
Add a new tag
Caveats
  • Supply blocks, unpowered buildings, or Contaminate may cause inaccurate times.
  • Supply counts are checked every 10 seconds.